 Dungeon Crawl Stone Soup version 0.31-a0-986-g5e6e4ef867 (webtiles) character file.

Game seed: 383031706015121972

12654 timneilson the Grappler (level 11, -1/77 HPs)
             Began as an Octopode Shapeshifter on Nov 12, 2023.
             Was an Initiate of Gozag.
             Engulfed by a fire crab's flame (14 damage)
             ... in a Gauntlet.
             The game lasted 00:36:52 (12563 turns).

timneilson the Grappler (Octopode Shapeshifter)    Turns: 12563, Time: 00:36:53

Health: -1/77      AC:  1    Str: 18    XL:     11   Next: 96%
Magic:  18/18      EV: 26    Int: 19    God:    Gozag
Gold:   806        SH:  0    Dex: 13    Spells: 12/20 levels left

rFire   . .          .
                       - Unarmed
rCold   . . .        (shield currently unavailable)
rNeg    . . .        (helmet restricted)
rPois   +            (no amulet)
rElec   +            h - ring of flight
rCorr   .            s - +5 ring of evasion
SInv    .            o - +5 ring of evasion
Will    +....        y - ring of willpower
Stlth   ++           E - ring "Yrgher" {rElec rPois Int+6 Dex+2}
HPRegen 0.32/turn    (no ring)
MPRegen 0.16/turn    (no ring)
                     (no ring)

%: no teleportation
@: flux-form, gold aura, flying, glowing
A: glow, contaminating, almost no armour, amphibious, 8 rings, camouflage 1,
gelatinous body 1, (nimble swimmer 1), tentacles
a: Begin Untransformation, Renounce Religion, Potion Petition, Call Merchant,
Bribe Branch


You were in a Gauntlet.
You worshipped Gozag.
Gozag was pleased with you.
You were something dangerously unstable.
You visited 2 branches of the dungeon, and saw 12 of its levels.
You also visited: Sewer and Gauntlet.

You collected 1929 gold pieces.
You spent 1057 gold pieces at shops.
You paid 66 gold pieces to Gozag.

Inventory:

Jewellery
 h - a ring of flight (left tentacle)
 o - a +5 ring of evasion (on tentacle)
 s - a +5 ring of evasion (right tentacle)
 y - a ring of willpower (on tentacle)
 A - a ring of ice
 E - the ring "Yrgher" (on tentacle) {rElec rPois Int+6 Dex+2}
   (You bought it in a shop on level 1 of the Dungeon)

   [ring of intelligence]

   Int+6:     It affects your intelligence (+6).
   Dex+2:     It affects your dexterity (+2).
   rElec:     It insulates you from electricity.
   rPois:     It protects you from poison
Talismans
 b - a beast talisman
 c - a flux talisman (active)
 f - a serpent talisman
 F - a blade talisman
Wands
 x - a wand of digging (1)
 C - a wand of polymorph (4)
Scrolls
 i - a scroll of enchant armour
 l - 2 scrolls of enchant weapon
 m - 5 scrolls of teleportation
 t - a scroll of amnesia
Potions
 a - 3 potions of lignification
 d - a potion of magic
 e - 4 potions of attraction
 g - 3 potions of mutation
 n - 2 potions of enlightenment
 p - 3 potions of cancellation
 q - a potion of resistance {unknown}
 r - 3 potions of brilliance
 u - 3 potions of invisibility
 v - 3 potions of might
 B - 2 potions of haste {unknown}


   Skills:
 * Level 7.9 Fighting
 * Level 8.0 Dodging
 + Level 8.2 Stealth
 * Level 8.4 Unarmed Combat
 + Level 5.0 Spellcasting
 - Level 5.0 Translocations
 + Level 4.8 Evocations
 * Level 7.8 Shapeshifting


You had 12 spell levels left.
You knew the following spells:

 Your Spells              Type           Power      Damage    Failure   Level
a - Lesser Beckoning      Tloc           46%        N/A       2%          2
b - Teleport Other        Tloc           23%        N/A       4%          3
c - Gell's Gravitas       Tloc           23%        N/A       4%          3

Your spell library contained the following spells:

 Spells                   Type           Power      Damage    Failure   Level
 Magic Dart               Conj           16%        1d3       12%         1
 Necrotise                Necr           16%        1d4       12%         1
 Searing Ray              Conj           8%         2d4       19%         2
 Wereblood                Tmut           4%         N/A       19%         2
 Vampiric Draining        Necr           4%         2d6       36%         3
 Fulminant Prism          Conj/Hex       2%         3d5       77%         4
 Agony                    Necr           4%         N/A       98%         5
 Irradiate                Conj/Tmut      2%         3d12      98%         5


Dungeon Overview and Level Annotations

Branches:
Dungeon (11/15)            Temple (1/1) D:5            Lair (0/5) D:11
    Orc (0/2) D:10          Sewer (visited)         Gauntlet (1/1)

Altars:
Ashenzari
Cheibriados
Dithmenos
Elyvilon
Fedhas
Gozag
Hepliaklqana
Kikubaaqudgha
Makhleb
Nemelex Xobeh
Okawaru
Qazlal
Ru
Sif Muna
Trog
Uskayaw
Vehumet
Wu Jian
Xom
Yredelemnul
Zin
The Shining One

Shops:
D:1 =   D:3 (   D:4 :(?:*   D:7 [

Annotations:
D:11 Erolcha Gauntlet 11 transporters, 3 runed translucent doors


Innate Abilities, Weirdness & Mutations

You are something dangerously unstable.
You glow with magical radiation, making you easy to see and hit.
Foes you strike become dangerously contaminated with magical radiation.
You are incapable of wielding weapons or throwing items.
You cannot wear most types of armour.
You are amphibious.
You can wear up to eight rings at the same time.
Your skin changes colour to match your surroundings (Stealth+).
Your rubbery body absorbs attacks. (AC +1, EV +1)
((You are camouflaged when in or above water. (Stealth+)))
You have tentacles for arms and can constrict up to eight enemies at once.


Message History

You bludgeon the fire bat!
You kill the fire bat!
You now have enough gold to fund merchants seeking to open stores in the dungeon.
You now have 806 gold pieces (gained 8).
The fire crab is no longer distracted by gold.
The fire crab is distracted by your dazzling golden aura.
Aiming: Iceblast
Press: ? - help, Shift-Dir - straight line, f - fire crab
Aim: a fire crab (lava, unaware, hasn't noticed you)
The mass of ice explodes!
The iceblast engulfs the fire crab!
The fire crab is lightly wounded.
The fire crab is no longer distracted by gold.
The fire crab breathes flames at you. The blast of flame engulfs you!
Aiming: Iceblast
Press: ? - help, Shift-Dir - straight line, f/p - fire crab
Aim: a fire crab (lava, lightly wounded)
The mass of ice explodes!
The iceblast engulfs the fire crab!
The fire crab is moderately wounded.
You are engulfed in blazing flames.
Unknown command.
Aiming: Iceblast
Press: ? - help, Shift-Dir - straight line, f/p - fire crab
Aim: a fire crab (flame, moderately wounded)
The mass of ice explodes!
The iceblast engulfs the fire crab!
The fire crab is heavily wounded.
The now-empty wand crumbles to dust.
You are engulfed in blazing flames.
The fire crab is distracted by your dazzling golden aura.
The fire crab is no longer distracted by gold.
The fire crab breathes flames at you. The blast of flame misses you.
You are engulfed in blazing flames.
* * * LOW HITPOINT WARNING * * *
The fire crab misses you. The fire crab completely misses you.
You tentacle-slap the fire crab.
The fire crab begins to glow.
You grab the fire crab. You squeeze the fire crab.
The fire crab is severely wounded.
You are engulfed in blazing flames.
You die...
Your body crumbles into a pile of gold.

#.8.#...8....#.©.#....8...#.8.#..
#.©.#.....###########.....#.©.#..
#######...#}.≈=©..≈$#...#########
[?©)..#...#.≈...≈.≈.#...#[|#©#.3#
..###.#...#.≈≈...≈..#...#.!#.#33#
..###.#...#.≈.≈°≈.°.#...###+++3.#
..###.#.8.#≈..≈°§°≈≈#.8.#..^.#3.#
##©..B#...#≈.≈.°○°..#...#.##.#..#
##..#s#...#.≈.≈°p°°©#...#.##.#..#
.....s#...#.≈..°t§§§#...#...©#..#
#######...#..≈§$$.§§#...#########
..©.......###########.......©....
..8.....8......©......8.....8....
............∩..8..∩..............
#≈#≈#≈#≈#.............#≈#≈#≈#≈#≈#
##########≈#§#≈#≈#≈#≈############
#############


You could see a fire crab (contam).

Vanquished Creatures
  A two-headed ogre (D:9)
  Joseph (D:7)
  Jeremiah (D:6)
  2 unseen horrors
  2 trolls (D:11)
  2 polar bears
  2 hornets
  Sigmund (D:6)
  2 wyverns
  5 fire bats (Gauntlet)
  A shadow (D:10)
  26 yaks
  Grum (D:11)
  Menkaure (D:6)
  An acid dragon (D:9)
  2 water moccasins
  2 hell hounds (Gauntlet)
  3 orc warriors
  4 ice beasts
  A black bear (D:5)
  2 ogres (D:5)
  2 centaurs
  5 wolves
  A boggart (D:10)
  A phantom (D:7)
  3 bullfrogs (D:8)
  5 kobold brigands
  5 scorpions
  A hornet simulacrum (D:8)
  8 killer bees
  3 electric eels (D:8)
  5 jellies
  3 orc priests
  Crazy Yiuf (D:4)
  2 gnoll boudas
  2 iguanas (D:6)
  7 orc wizards
  A killer bee simulacrum (D:8)
  8 gnolls
  10 adders
  A river rat (D:5)
  3 white imps (D:7)
  A howler monkey simulacrum (D:8)
  4 ufetubi
  2 worms (D:4)
  2 dart slugs
  18 orcs
  5 bats
  9 endoplasms
  4 giant cockroaches
  9 goblins
  10 hobgoblins
  4 jackals (D:1)
  3 quokkas
  8 ball pythons
  11 frilled lizards
  31 kobolds
  9 rats
270 creatures vanquished.

Vanquished Creatures (others)
  A killer bee (D:9)
1 creature vanquished.

Grand Total: 271 creatures vanquished

Notes
Turn   | Place    | Note
-------+----------+-------------------------------------------
     0 | D:1      | timneilson the Octopode Shapeshifter began the quest for
                  | the Orb.
     0 | D:1      | Reached XP level 1. HP: 13/13 MP: 1/1
   113 | D:1      | Reached XP level 2. HP: 18/18 MP: 2/2
   587 | D:1      | Found Deshragru's One-of-a-Kind Rings.
   594 | D:1      | Reached skill level 1 in Stealth
   702 | D:1      | Reached XP level 3. HP: 21/23 MP: 3/3
  1115 | D:2      | Reached XP level 4. HP: 29/29 MP: 4/4
  1772 | D:3      | Found Syunath's Weapon Shoppe.
  2038 | D:3      | You are sucked into a shaft and drop 1 floor!
  2038 | D:4      | Found Koashrete's Assorted Antiques.
  2555 | D:4      | Found a runed translucent door.
  2556 | D:4      | Noticed Crazy Yiuf
  2641 | D:4      | Bought a flickering ivory amulet for 120 gold pieces
  2641 | D:4      | Identified the amulet of Foer {Acrobat Harm rElec} (You
                  | bought it in a shop on level 4 of the Dungeon)
  2690 | D:4      | Reached XP level 5. HP: 35/35 MP: 6/6
  2789 | D:4      | Found Maohots's Magic Scroll Boutique.
  2795 | D:4      | Found Siosuxedgh's Book Shop.
  2806 | D:4      | Reached skill level 1 in Spellcasting
  2916 | D:4      | Noticed a +0 triple crossbow
  2918 | D:4      | Found Edeygrul's Weapon Shop.
  2919 | D:4      | Noticed a +0 demon blade
  2938 | D:4      | Learned a level 2 spell: Lesser Beckoning
  3014 | D:4      | Found Obynk's Book Emporium.
  3271 | D:5      | Entered Level 5 of the Dungeon
  3333 | D:5      | Found a glowing drain.
  3347 | Sewer    | Entered a sewer
  3666 | Sewer    | Reached XP level 6. HP: 35/41 MP: 7/7
  3991 | D:5      | Reached skill level 1 in Translocations
  3991 | D:5      | Reached XP level 7. HP: 46/46 MP: 9/9
  4033 | D:5      | Found a staircase to the Ecumenical Temple.
  4042 | Temple   | Entered the Ecumenical Temple
  4048 | Temple   | Became a worshipper of Gozag Ym Sagoz the Greedy
  4378 | D:5      | Found a shimmering altar of Xom.
  4641 | D:5      | Found a radiant altar of Vehumet.
  4980 | D:6      | Noticed Sigmund
  5044 | D:5      | Reached XP level 8. HP: 47/54 MP: 9/11
  5105 | D:6      | Noticed Menkaure
  5112 | D:6      | Killed Menkaure
  5113 | D:6      | Reached skill level 5 in Unarmed Combat
  5407 | D:6      | Killed Sigmund
  5581 | D:6      | Found an ancient bone altar of Kikubaaqudgha.
  5583 | D:6      | Found an iron altar of Okawaru.
  5585 | D:6      | Found a shadowy altar of Dithmenos.
  5744 | D:6      | Noticed a wyvern
  5818 | D:6      | Killed a wyvern
  5819 | D:6      | Reached skill level 5 in Shapeshifting
  5862 | D:7      | Noticed Jeremiah
  5872 | D:6      | Killed Jeremiah
  5873 | D:6      | Reached skill level 5 in Fighting
  5873 | D:6      | Reached skill level 5 in Dodging
  5873 | D:6      | Reached XP level 9. HP: 40/61 MP: 11/13
  5944 | D:7      | Noticed a hornet
  5954 | D:6      | Reached skill level 5 in Stealth
  5954 | D:6      | Reached skill level 1 in Evocations
  6020 | D:7      | Found Quwkyrchu's Antique Armour Emporium.
  6329 | D:7      | Identified the +2 falchion of War {heavy, Stlth+}
  6330 | D:7      | Killed a hornet
  6761 | D:7      | Noticed a torpor snail
  6765 | D:7      | Found a snail-covered altar of Cheibriados.
  6767 | D:7      | Noticed a torpor snail
  6775 | D:7      | Noticed a torpor snail
  7151 | D:8      | Found Bedyobia's Book Boutique.
  7252 | D:8      | Noticed a polar bear
  7255 | D:8      | Reached XP level 10. HP: 46/68 MP: 15/15
  8519 | D:1      | Bought the ring "Yrgher" {rElec rPois Int+6 Dex+2} for 817
                  | gold pieces
  8698 | D:4      | Killed Crazy Yiuf
  8947 | D:7      | Noticed Joseph
  8960 | D:7      | Killed Joseph
  8961 | D:7      | Found a glowing golden altar of the Shining One.
  9254 | D:9      | Noticed a two-headed ogre
  9260 | D:9      | Killed a two-headed ogre
  9384 | D:9      | Reached XP level 11. HP: 69/74 MP: 17/17
  9393 | D:9      | Learned a level 3 spell: Teleport Other
  9397 | D:9      | Learned a level 3 spell: Gell's Gravitas
 10170 | D:4      | Bought a peridot ring for 120 gold pieces
 10649 | D:10     | Entered Level 10 of the Dungeon
 11066 | D:10     | Found a staircase to the Orcish Mines.
 11073 | D:10     | Identified the +1 flail of World's End {elec, rElec SInv}
 11425 | D:10     | Reached skill level 5 in Translocations
 11459 | D:10     | Found a glowing silver altar of Zin.
 11508 | D:10     | Found a hide-covered altar of Uskayaw.
 11780 | D:10     | Found a sacrificial altar of Ru.
 11824 | Gauntlet | Identified the of Lyufe
 11825 | D:11     | Noticed Erolcha
 12096 | D:11     | Noticed Grum
 12112 | D:11     | Killed Grum
 12130 | D:11     | Found a gate leading to a gauntlet.
 12141 | Gauntlet | Entered a Gauntlet
 12141 | Gauntlet | Found a transporter.
 12151 | Gauntlet | Noticed a fire crab
 12180 | Gauntlet | Noticed an entropy weaver
 12313 | Gauntlet | Found a transporter.
 12316 | Gauntlet | Noticed a sixfirhy
 12316 | Gauntlet | Noticed a sixfirhy
 12316 | Gauntlet | Noticed a sixfirhy
 12328 | Gauntlet | Found a runed translucent gate.
 12328 | Gauntlet | Found a runed translucent gate.
 12330 | Gauntlet | Found a transporter.
 12334 | Gauntlet | Found a transporter.
 12355 | Gauntlet | Found a transporter.
 12368 | Gauntlet | Found a transporter.
 12379 | Gauntlet | Noticed a ghost crab
 12382 | Gauntlet | Found a transporter.
 12411 | Gauntlet | Found a transporter.
 12411 | Gauntlet | Found a transporter.
 12416 | Gauntlet | Found a transporter.
 12439 | Gauntlet | Found a transporter.
 12443 | Gauntlet | Found a transporter.
 12448 | Gauntlet | Noticed an entropy weaver
 12478 | Gauntlet | Found a runed translucent gate.
 12555 | Gauntlet | Reached skill level 5 in Spellcasting
 12563 | Gauntlet | Engulfed by a fire crab's flame

Illustrated notes

Levels and vault maps discovered:
D:1:      minmay_arrival_arboretum_small, layout_basic,
          nicolae_shop_unique_rings
D:2:      layout_basic
D:3:      layout_basic, serial_shops, shop
D:4:      cheibrodos_greedy_goblins, layout_loops_ring, serial_shops, shop,
          nicolae_shop_just_a_little_nook, nicolae_shop_mannequins, shop, shop,
          uniq_crazy_yiuf_cottage
D:5:      layout_basic, mainiacjoe_overflow_catch_the_wave,
          minmay_temple_entry_waves, portal_sewer_entry_b,
          kennysheep_generic_room_4
D:6:      wander_river, layout_cave_pools, grunt_temple_overflow_diamond,
          uniq_sigmund, uniq_menkaure
D:7:      layout_rooms, cheibriados_altar_2, nicolae_tso_swordbearing_angel,
          nicolae_inconvenience_store, uniq_jeremiah, uniq_joseph
D:8:      layout_rooms, serial_shops, nicolae_shop_tiny_glass, serial_ice,
          serial_ice_e, serial_ice_m, serial_ice_k, serial_ice_a
D:9:      layout_loops_corners
D:10:     layout_small_grid, zin_scriptorium, nicolae_ru_the_path_less_chosen,
          eat_drink_and_be_merry_uskayaw, orc_0_dummy, nrook_mini_backslash,
          minmay_microvault
D:11:     layout_basic, erik_lair_dragon, gauntlet_entry_generic, uniq_grum,
          uniq_lodul, uniq_erolcha
Temple:   hellmonk_temple_two_chambers
Gauntlet: minmay_gauntlet_mixed_oops_all_seconds
          [minmay_gauntlet_arena_77_block_sizes,
          nicolae_gauntlet_arena_flowing_pool,
          minmay_gauntlet_arena_77_run_for_it, nicolae_gauntlet_arena_t_cross,
          minmay_gauntlet_arena_77_mess, gammafunk_gauntlet_arena_corners,
          nicolae_gauntlet_exit_dead_adventurers]

Skill      XL: |  1  2  3  4  5  6  7  8  9 10 11 |
---------------+----------------------------------+-----
Stealth        | 1 2 3 4 5 7 8 |  8.2
Fighting       | 2 3 5 6 7 |  7.9
Dodging        | 3 4 5 7 8 |  8.0
Spellcasting   | 1 2 3 4 5 |  5.0
Unarmed Combat | 4 5 6 7 8 |  8.4
Translocations | 1 2 3 4 5 |  5.0
Shapeshifting  | 4 5 6 7 |  7.8
Evocations     | 2 3 4 |  4.8

Action                     |  1- 3 |  4- 6 |  7- 9 | 10-12 || total
---------------------------+-------+-------+-------+-------++-------
  Melee: Unarmed           |    64 |   121 |   217 |   351 ||   753
         Constrict         |    18 |    27 |    41 |    43 ||   129
         Tentacles         |    12 |    28 |    59 |   109 ||   208
         Punch             |     2 |     7 |    19 |     6 ||    34
  Evoke: Wand              |       |       |       |     8 ||     8
    Use: Scroll            |     3 |    10 |     3 |    10 ||    26
         Potion            |       |       |     4 |     4 ||     8
   Stab: Sleeping          |     5 |    12 |     6 |     4 ||    27
         Distracted        |       |       |       |     5 ||     5
 Armour: Skin              |    26 |    29 |    79 |   112 ||   246
  Dodge: Dodged            |    51 |    54 |   225 |   298 ||   628
   Form: Flux              |       |       |       |     1 ||     1

Table legend: (Time is in decaauts)
 A = Elapsed time spent in this place.
 B = Non-inter-level travel time spent in this place.
 C = Inter-level travel time spent in this place.
 D = Time resting spent in this place.
 E = Time spent auto-exploring this place.
 F = Levels seen in this place.
 G = Mean time per level.
                   A        B        C        D        E       F      G
               +--------+--------+--------+--------+--------+-----+--------+
         Total |  12499 |  11532 |    967 |   1844 |   6224 |  14 |  892.8 |
       Dungeon |  11668 |  10706 |    962 |   1841 |   5636 |  11 | 1060.7 |
        Temple |     12 |      7 |      5 |      0 |      0 |   1 |   12.0 |
         Sewer |    397 |    397 |      0 |      3 |    266 |   1 |  397.0 |
      Gauntlet |    421 |    421 |      0 |      0 |    322 |   1 |  421.0 |
               +--------+--------+--------+--------+--------+-----+--------+

Top non-repeatable levels by time:
     D:7: 1591 daAuts
     D:9: 1459 daAuts
     D:4: 1379 daAuts
     D:8: 1243 daAuts
     D:5: 1160 daAuts
    D:10: 1006 daAuts
     D:1: 994 daAuts
     D:6: 976 daAuts
     D:3: 805 daAuts
     D:2: 743 daAuts
Gauntlet: 421 daAuts
   Sewer: 397 daAuts
    D:11: 308 daAuts
  Temple: 12 daAuts
